 Dungeon Crawl Stone Soup version 0.22-a0-268-g1cc83ef (console) character file.

69 Duffy the Magician (level 4, 30/30 HPs)
             Began as a Demonspawn Wizard on Mar 9, 2018.
             Quit the game on level 2 of the Dungeon.
             The game lasted 00:01:21 (1540 turns).

Duffy the Magician (Demonspawn Wizard)              Turns: 1540, Time: 00:01:22

Health: 30/30      AC:  3    Str:  8    XL:     4   Next: 2%
Magic:  9/9        EV: 12    Int: 20    God:
Gold:   120        SH:  0    Dex: 11    Spells: 9/10 levels left

rFire    . . .     SeeInvis +   (no weapon)
rCold    . . .     Gourm    .   (no shield)
rNeg     . . .     Faith    .   a - +0 robe
rPois    +         Spirit   .   b - +0 hat
rElec    .         Reflect  .   (no cloak)
rCorr    .         Harm     .   j - +0 pair of gloves
MR       .....                  (no boots)
Stlth    ++........             (no amulet)
HPRegen  0.10/turn              k - ring of poison resistance
MPRegen  0.11/turn              f - ring of see invisible

@: no status effects
A: rot immunity
a: no special abilities


You were on level 2 of the Dungeon.
You were not hungry.

You visited 1 branch of the dungeon, and saw 2 of its levels.

You collected 120 gold pieces.

Inventory:

Armour
 a - a +0 robe (worn)
 b - a +0 hat (worn)
 j - a +0 pair of gloves (worn)
Jewellery
 f - a ring of see invisible (right hand)
 k - a ring of poison resistance (left hand)
Scrolls
 g - a scroll of fog {unknown}
 h - a scroll of immolation {unknown}
 m - 3 scrolls of identify {unknown}
 n - 2 scrolls of amnesia {unknown}
 o - a scroll of enchant weapon {unknown}
 r - a scroll of noise {unknown}
Potions
 c - a potion of heal wounds {unknown}
 e - a potion of resistance {unknown}
 i - 2 potions of curing {unknown}
 l - a potion of agility {unknown}
 p - a potion of lignification {unknown}
Comestibles
 d - 2 rations
 q - 3 chunks of flesh


   Skills:
 - Level 1.7 Dodging
 - Level 1.7 Stealth
 + Level 3.9 Spellcasting
 + Level 2.8 Conjurations
   Level 1.0 Summonings
   Level 0.8 Translocations


You had 9 spell levels left.
You knew the following spells:

 Your Spells              Type           Power        Failure   Level  Hunger
a - Magic Dart            Conj           ###.         4%          1    None


Dungeon Overview and Level Annotations

Branches:
Dungeon (2/15)

Altars:


Innate Abilities, Weirdness & Mutations

You are immune to rotting.


Message History

Press: ? - help, Shift-Dir - straight line, f/p - adder
Aim: an adder (severely wounded)
The magic dart hits the adder.
The adder is severely wounded.
The adder closely misses you.
Cast which spell? (? or * to list)
Aiming: Magic Dart (safe; 4% risk of failure)
Press: ? - help, Shift-Dir - straight line, f/p - adder
Aim: an adder (severely wounded)
The magic dart hits the adder.
You kill the adder!
You have reached level 4!
You feel stronger.
You butcher the adder corpse.
q - 3 chunks of flesh (gained 2)
You now have 120 gold pieces (gained 3).
A leopard gecko comes into view.
A leopard gecko is nearby!
A leopard gecko is nearby!
Are you sure you want to abandon this character and quit the game? (Confirm with "yes".)

.. ... ...# ....#######
..........# ........l.#
..........# ##..##@##
.........## .#........##
...........# .
#..........# ..
#..........###... #.
#................
#.#.######................
....................###...


You could see a leopard gecko (sleeping).

Vanquished Creatures
  4 adders
  An ooze (D:1)
  A leopard gecko (D:2)
  4 bats (D:2)
  3 goblins
  5 hobgoblins
  A jackal (D:2)
  A ball python (D:2)
  4 frilled lizards
  A kobold (D:2)
  6 rats
31 creatures vanquished.

Notes
Turn   | Place    | Note
-------+----------+-------------------------------------------
     0 | D:1      | Duffy the Demonspawn Wizard began the quest for the Orb.
     0 | D:1      | Reached XP level 1. HP: 13/13 MP: 4/4
   318 | D:1      | Gained mutation: You are immune to rotting. [demonic ancestry]
   318 | D:1      | Reached XP level 2. HP: 15/19 MP: 0/6
   946 | D:1      | Reached XP level 3. HP: 16/24 MP: 0/8
  1477 | D:2      | Reached XP level 4. HP: 30/30 MP: 3/9
  1540 | D:2      | Quit the game

Vault maps used:
D:1:      matt_arrival_spirals
D:2:      cheibrodos_old_hovel, nicolae_qazlal_style_of_elements, first_ration,
          hex_tiny

Skill      XL: |  1  2 |
---------------+-------+-----
Conjurations   | 2 |  2.8
Dodging        | |  1.7
Stealth        | |  1.7
Spellcasting   | |  3.9
Summonings     | |  1.0
Translocations | |  0.8

Action                   |  1- 3 |  4- 6 || total
-------------------------+-------+-------++-------
Melee: Unarmed           |     9 |       ||     9
 Cast: Magic Dart        |    78 |     1 ||    79
  Eat: Chunk             |     2 |       ||     2
Armor: Robe              |     7 |       ||     7
Dodge: Dodged            |    20 |       ||    20

Table legend:
 A = Spawn XP
 B = Non-spawn XP
 C = Spawn XP percentage of total XP
 D = Spawn monster count
 E = Non-spawn monster count
 F = Spawn count percentage of total count
 G = Total turns spent on level
                    A         B        C        D         E        F      G
               +---------+---------+-------+---------+---------+-------+---------
         Total |       0 |      99 |   0.0 |       0 |      31 |   0.0 |  1540
               +---------+---------+-------+---------+---------+-------+---------
           D:1 |       0 |      34 |   0.0 |       0 |      11 |   0.0 |   924
           D:2 |       0 |      65 |   0.0 |       0 |      20 |   0.0 |   616
               +---------+---------+-------+---------+---------+-------+---------
